Thunderbirds vs Barracuda
Created - March 29, 2024 at 20:01
Goals
|
| Thunderbirds |
3 |
4 |
2 |
9 |
| Barracuda |
0 |
0 |
3 |
3 |
|
Shots
|
| Thunderbirds |
9 |
14 |
12 |
35 |
| Barracuda |
14 |
5 |
14 |
33 |
|
1st period
1. Thunderbirds , Andrei Svechnikov 32 (Patrick Brown 19, Dylan Gambrell 39) at 2:08
2. Thunderbirds , Patrick Brown 22 (Dylan Gambrell 40) at 5:23
3. Thunderbirds , Timothy Liljegren 8 (Drake Batherson 68, Dominik Kahun 60) at 16:24
Penalties :
Mario Lucia (S.J) for Holding (Minor) at 5:26
2nd period
4. Thunderbirds , Andrei Svechnikov 33 (Timothy Liljegren 23) at 2:44
5. Thunderbirds , Kirill Marchenko 4 (Matt Puempel 19, Tanner Laczynski 19) at 8:05
6. Thunderbirds , Morgan Frost 9 (Kale Clague 32, Austin Poganski 1) at 13:30
7. Thunderbirds , Patrick Brown 23 (Timothy Liljegren 24, Dylan Gambrell 41) at 15:56
Penalties :
Kurtis Macdermid (S.J) for Fighting (Major) at 19:15, Kale Clague (Spr) for Fighting (Major) at 19:15
3rd period
8. Thunderbirds , Anthony Beauvillier 32 (Dominik Kahun 61, Drake Batherson 69) at 1:17
9. Barracuda , Emil Pettersson 35 (William Carrier 60) at 1:57
10. Thunderbirds , Anthony Beauvillier 33 (Dominik Kahun 62, Drake Batherson 70) at 9:15 (PP)
11. Barracuda , Logan Stanley 4 (Emil Pettersson 72, William Carrier 61) at 10:51
12. Barracuda , Kurtis Macdermid 32 (Theodor Blueger 40, Thomas Gobeil 15) at 11:13
Penalties :
Jaedon Descheneau (S.J) for Interference (Minor) at 3:05, Mario Lucia (S.J) for Hooking (Minor) at 8:43, Kurtis Macdermid (S.J) for Elbowing (Minor) at 13:33
Goalie Stats
Brandon Halverson (Spr), 30 saves from 33 shots - (0.909), W, 30-15-4, 60:00 minutes
Joacim Eriksson (S.J), 9 saves from 13 shots - (0.692), 18:33 minutes
Joni Ortio (S.J), 17 saves from 22 shots - (0.773), L, 30-16-4, 41:27 minutes
Players Stats for Thunderbirds
Player Name G A P +/- PIM S H SB GA TA FO MP PP MP PK MP
------------------------------------------------------------------------------------
Andrei Svechnikov 2 0 2 3 0 4 1 1 0 0 0/0 17:58 2:40 0:00
Anthony Beauvillier 2 0 2 0 0 3 2 0 1 0 2/3 21:54 3:49 0:00
Austin Poganski 0 1 1 1 0 1 0 0 0 0 0/0 9:26 0:00 0:00
Dominik Kahun 0 3 3 0 0 3 3 0 0 0 20/34 21:54 3:49 0:00
Drake Batherson 0 3 3 0 0 6 1 1 3 0 0/0 21:54 3:49 0:00
Dylan Gambrell 0 3 3 3 0 1 1 0 0 1 6/12 17:58 2:40 0:00
Jake Walman 0 0 0 0 0 0 0 0 0 1 0/0 13:49 0:38 0:00
Jared McIsaac 0 0 0 0 0 0 1 0 0 0 0/0 15:03 2:27 0:00
John Draeger 0 0 0 2 0 0 2 0 1 0 0/0 17:34 0:00 0:00
Kale Clague 0 1 1 2 5 1 1 0 0 2 0/0 18:26 1:49 0:00
Kirill Marchenko 1 0 1 1 0 1 1 0 0 0 0/1 10:42 0:00 0:00
Matt Puempel 0 1 1 1 0 1 1 1 0 0 0/0 10:42 0:00 0:00
Morgan Frost 1 0 1 1 0 2 0 0 0 0 0/1 9:26 0:00 0:00
Patrick Brown 2 1 3 3 0 6 3 0 4 1 0/0 17:58 2:40 0:00
Radim Simek 0 0 0 3 0 3 2 3 0 1 0/0 27:17 4:02 0:00
Roberts Lipsbergs 0 0 0 1 0 1 1 0 0 0 1/1 9:26 0:00 0:00
Tanner Laczynski 0 1 1 1 0 1 0 1 0 0 0/3 10:42 0:00 0:00
Timothy Liljegren 1 2 3 3 0 1 2 2 0 0 0/0 27:50 4:02 0:00
Players Stats for Barracuda
Player Name G A P +/- PIM S H SB GA TA FO MP PP MP PK MP
------------------------------------------------------------------------------------
Aleksi Heponiemi 0 0 0 -2 0 1 0 0 1 0 0/0 10:08 0:00 2:07
Alex Henriksson 0 0 0 -3 0 2 2 0 0 0 0/0 11:32 0:00 1:51
Cole Ully 0 0 0 -1 0 0 1 0 0 0 0/0 13:40 0:00 1:38
Emil Pettersson 1 1 2 2 0 4 0 0 2 1 16/35 20:22 0:00 1:41
Eric Gustafsson 0 0 0 0 0 3 3 4 0 1 0/0 27:38 0:00 3:37
Jaedon Descheneau 0 0 0 -1 2 0 1 0 0 1 0/0 12:05 0:00 0:00
Jordan Gross 0 0 0 -1 0 0 0 2 0 0 0/0 12:56 0:00 0:00
Kurtis Macdermid 1 0 1 -3 7 3 1 0 1 0 1/1 15:39 0:00 2:21
Logan Stanley 1 0 1 0 0 2 2 2 1 1 0/0 27:38 0:00 3:37
Mac Hollowell 0 0 0 -1 0 0 1 2 0 0 0/0 12:56 0:00 0:00
Mario Lucia 0 0 0 2 4 1 3 0 0 1 1/1 18:38 0:00 0:00
Nikolai Kovalenko 0 0 0 -2 0 0 2 0 0 0 0/0 7:52 0:00 0:00
Noah Gregor 0 0 0 -1 0 0 1 0 1 0 2/4 11:59 0:00 0:00
Robin Norell 0 0 0 -4 0 2 1 3 0 2 0/0 19:26 0:00 2:52
Samuel Groulx 0 0 0 -4 0 1 1 1 0 0 0/0 19:26 0:00 2:52
Theodor Blueger 0 1 1 -4 0 4 1 0 0 1 6/9 14:50 0:00 0:00
Thomas Gobeil 0 1 1 -4 0 1 2 1 0 0 0/0 14:50 0:00 0:00
William Carrier 0 2 2 2 0 9 1 1 0 1 0/5 22:03 0:00 3:32
3 Stars
1 - Patrick Brown (Spr)
2 - Timothy Liljegren (Spr)
3 - Andrei Svechnikov (Spr)
Power Play
Thunderbirds - 1 on 4 Attempt(s) - 25.00%
Barracuda - 0 on 0 Attempt(s) - 0.00%
Penalty Kill
Thunderbirds - 0 on 0 Attempt(s) - 0.00%
- Score 0 goal in Penalty Kill
Barracuda - 3 on 4 Attempt(s) - 75.00%
- Score 0 goal in Penalty Kill
Team Stat
Thunderbirds - Hits : 22 - Faceoff Wins : 29 - Blocked Shots : 9 - Penalty Minutes : 5
Barracuda - Hits : 23 - Faceoff Wins : 26 - Blocked Shots : 16 - Penalty Minutes : 13
Official
Referees : Dan O'Rourke and TJ Luxmore
Linesman : Kyle Flemington and Pierre Racicot
Game Notes
Joacim Eriksson enters game at 2:44 of 2nd period
Kale Clague beats up Kurtis Macdermid at 19:15 of 2nd period
Joni Ortio enters game at 1:17 of 3rd period
Finance
Level 1 -- Attendance: 2000 (100.00%) -- Ticket Income $140,000
Level 2 -- Attendance: 1000 (100.00%) -- Ticket Income $40,000
Total Attendance: 3000 (100.00%)
Total Ticket Income: $180,000
Other Income: $9,000
Total Income: $189,000
Thunderbirds
5 vs 5 Forward
Center Left Wing Right Wing Time % Phy DF OF
1 Dominik Kahun Anthony Beauvillier Drake Batherson 40 0 2 3
2 Dylan Gambrell Andrei Svechnikov Patrick Brown 30 0 2 3
3 Tanner Laczynski Matt Puempel Kirill Marchenko 20 0 2 3
4 Morgan Frost Roberts Lipsbergs Austin Poganski 10 0 2 3
5 vs 5 Defense
Defense Defense Time % Phy DF OF
1 Radim Simek Timothy Liljegren 40 0 2 3
2 John Draeger Kale Clague 30 0 2 3
3 Jake Walman Jared McIsaac 20 0 2 3
4 Radim Simek Timothy Liljegren 10 0 2 3
PowerPlay Forward
Center Left Wing Right Wing Time % Phy DF OF
1 Dominik Kahun Anthony Beauvillier Drake Batherson 60 0 1 4
2 Dylan Gambrell Andrei Svechnikov Patrick Brown 40 0 1 4
PowerPlay Defense
Defense Defense Time % Phy DF OF
1 Timothy Liljegren Radim Simek 60 0 2 3
2 Kale Clague Jared McIsaac 40 0 2 3
Penalty Kill 4 Players Forward
Center Wing Time % Phy DF OF
1 Dominik Kahun Anthony Beauvillier 60 0 3 2
2 Dylan Gambrell Patrick Brown 40 0 3 2
Penalty Kill 4 Players Defense
Defense Defense Time % Phy DF OF
1 Radim Simek John Draeger 60 0 4 1
2 Kale Clague Jake Walman 40 0 4 1
Penalty Kill - 3 Players Forward
Forward Time % Phy DF OF
1 Anthony Beauvillier 60 0 3 2
2 Dominik Kahun 40 0 3 2
Penalty Kill - 3 Players Defense
Defense Defense Time % Phy DF OF
1 Radim Simek John Draeger 60 0 4 1
2 Kale Clague Jake Walman 40 0 4 1
4 vs 4 Forward
Center Wing Time % Phy DF OF
1 Dominik Kahun Drake Batherson 60 0 2 3
2 Dylan Gambrell Anthony Beauvillier 40 0 2 3
4 vs 4 Defense
Defense Defense Time % Phy DF OF
1 Radim Simek Timothy Liljegren 60 0 2 3
2 John Draeger Kale Clague 40 0 2 3
Last Minutes Offensive
Center Left Wing Right Wing Defense Defense
Dominik Kahun Anthony Beauvillier Drake Batherson Timothy Liljegren Kale Clague
Last Minutes Defensive
Center Left Wing Right Wing Defense Defense
Dominik Kahun Anthony Beauvillier Patrick Brown Radim Simek John Draeger
Goaltenders
Starting : Brandon Halverson
Backup : Joseph Woll
Extra Forwards
Normal : Andrei Svechnikov, Anthony Beauvillier, Drake Batherson - PP : Andrei Svechnikov, Drake Batherson - PK : Matt Puempel
Extra Defensemen
Normal : Kale Clague, Timothy Liljegren, Radim Simek - PP : Radim Simek - PK : Kale Clague, Timothy Liljegren
Penalty Shots
Patrick Brown, Drake Batherson, Andrei Svechnikov, Dominik Kahun, Anthony Beauvillier
Custom OT Lines Forwards
Patrick Brown, Drake Batherson, Anthony Beauvillier, Dominik Kahun, Kirill Marchenko, Tanner Laczynski, Dylan Gambrell, Morgan Frost, Andrei Svechnikov, Matt Puempel
Custom OT Lines Defensemen
Radim Simek, John Draeger, Kale Clague, Timothy Liljegren, Jake Walman
Scratches
Mitchell Heard (Healthy), Nicklas Jensen (Healthy), Simon Bourque (Healthy), Viktor Baldayev (Healthy), Artur Kayumov (Healthy)
Ivan Prosvetov (Healthy), Jakub Skarek (Healthy)
Barracuda
5 vs 5 Forward
Center Left Wing Right Wing Time % Phy DF OF
1 Emil Pettersson William Carrier Mario Lucia 40 1 2 2
2 Theodor Blueger Kurtis Macdermid Thomas Gobeil 30 1 2 2
3 Noah Gregor Cole Ully Jaedon Descheneau 20 1 2 2
4 Aleksi Heponiemi Alex Henriksson Nikolai Kovalenko 10 1 2 2
5 vs 5 Defense
Defense Defense Time % Phy DF OF
1 Eric Gustafsson Logan Stanley 40 1 2 2
2 Samuel Groulx Robin Norell 30 1 2 2
3 Mac Hollowell Jordan Gross 20 1 2 2
4 Eric Gustafsson Logan Stanley 10 1 2 2
PowerPlay Forward
Center Left Wing Right Wing Time % Phy DF OF
1 Emil Pettersson William Carrier Mario Lucia 60 1 2 2
2 Theodor Blueger Kurtis Macdermid Thomas Gobeil 40 1 2 2
PowerPlay Defense
Defense Defense Time % Phy DF OF
1 Eric Gustafsson Logan Stanley 60 1 2 2
2 Samuel Groulx Robin Norell 40 1 2 2
Penalty Kill 4 Players Forward
Center Wing Time % Phy DF OF
1 William Carrier Kurtis Macdermid 60 1 2 2
2 Emil Pettersson Cole Ully 40 1 2 2
Penalty Kill 4 Players Defense
Defense Defense Time % Phy DF OF
1 Eric Gustafsson Logan Stanley 60 1 2 2
2 Samuel Groulx Robin Norell 40 1 2 2
Penalty Kill - 3 Players Forward
Forward Time % Phy DF OF
1 William Carrier 60 1 2 2
2 Kurtis Macdermid 40 1 2 2
Penalty Kill - 3 Players Defense
Defense Defense Time % Phy DF OF
1 Eric Gustafsson Logan Stanley 60 1 2 2
2 Samuel Groulx Robin Norell 40 1 2 2
4 vs 4 Forward
Center Wing Time % Phy DF OF
1 William Carrier Kurtis Macdermid 60 1 2 2
2 Emil Pettersson Cole Ully 40 1 2 2
4 vs 4 Defense
Defense Defense Time % Phy DF OF
1 Eric Gustafsson Logan Stanley 60 1 2 2
2 Samuel Groulx Robin Norell 40 1 2 2
Last Minutes Offensive
Center Left Wing Right Wing Defense Defense
Emil Pettersson William Carrier Mario Lucia Eric Gustafsson Logan Stanley
Last Minutes Defensive
Center Left Wing Right Wing Defense Defense
Emil Pettersson William Carrier Mario Lucia Eric Gustafsson Logan Stanley
Goaltenders
Starting : Joni Ortio
Backup : Joacim Eriksson
Extra Forwards
Normal : Alex Henriksson, Noah Gregor, Aleksi Heponiemi - PP : Alex Henriksson, Noah Gregor - PK : Aleksi Heponiemi
Extra Defensemen
Normal : Mac Hollowell, Jordan Gross, Samuel Groulx - PP : Mac Hollowell - PK : Jordan Gross, Samuel Groulx
Penalty Shots
William Carrier, Kurtis Macdermid, Emil Pettersson, Cole Ully, Theodor Blueger
Custom OT Lines Forwards
William Carrier, Kurtis Macdermid, Emil Pettersson, Cole Ully, Theodor Blueger, Alex Henriksson, Noah Gregor, Mario Lucia, Aleksi Heponiemi, Thomas Gobeil
Custom OT Lines Defensemen
Eric Gustafsson, Logan Stanley, Samuel Groulx, Robin Norell, Mac Hollowell
Scratches
Alex Lintuniemi (Healthy), Ben Jones (Healthy), Jacob Peterson (Healthy), Scott Reedy (Healthy), Kyle Platzer (Healthy)
Ryan Merkley (Healthy), Bode Wilde (Healthy), Dennis Cholowski (Healthy), Alexei Toropchenko (Healthy), Kevin Mandolese (Healthy)
% Time on Ice - Thunderbirds
Lines # - Real PCT - Wanted PCT - Time Play
Normal Forward
1 - 34% - 40% - 18:05
2 - 29% - 30% - 15:18
3 - 20% - 20% - 10:42
4 - 18% - 10% - 9:26
Normal Defense
1 - 38% - 40% - 20:26
2 - 33% - 30% - 17:45
3 - 23% - 20% - 12:31
4 - 5% - 10% - 2:49
PP Forward
1 - 59% - 60% - 3:49
2 - 41% - 40% - 2:40
PP Defense
1 - 62% - 60% - 4:02
2 - 38% - 40% - 2:27
PK Forward
1 - 0% - 60%
2 - 0% - 40%
PK Defense
1 - 0% - 60%
2 - 0% - 40%
PK3 Forward
1 - 0% - 60%
2 - 0% - 40%
PK3 Defense
1 - 0% - 60%
2 - 0% - 40%
44 Forward
1 - 0% - 60%
2 - 0% - 40%
44 Defense
1 - 0% - 60%
2 - 0% - 40%
Last Minute Offensive - 0:00
Last Minute Defensive - 0:00
Total
Forward - 60:00
Defense - 60:00
|
% Time on Ice - Barracuda
Lines # - Real PCT - Wanted PCT - Time Play
Normal Forward
1 - 35% - 40% - 18:50
2 - 28% - 30% - 14:50
3 - 22% - 20% - 11:59
4 - 15% - 10% - 7:52
Normal Defense
1 - 38% - 40% - 20:32
2 - 31% - 30% - 16:34
3 - 24% - 20% - 12:56
4 - 7% - 10% - 3:29
PP Forward
1 - 0% - 60%
2 - 0% - 40%
PP Defense
1 - 0% - 60%
2 - 0% - 40%
PK Forward
1 - 90% - 60% - 5:51
2 - 10% - 40% - 0:38
PK Defense
1 - 56% - 60% - 3:37
2 - 44% - 40% - 2:52
PK3 Forward
1 - 0% - 60%
2 - 0% - 40%
PK3 Defense
1 - 0% - 60%
2 - 0% - 40%
44 Forward
1 - 0% - 60%
2 - 0% - 40%
44 Defense
1 - 0% - 60%
2 - 0% - 40%
Last Minute Offensive - 0:00
Last Minute Defensive - 0:00
Total
Forward - 60:00
Defense - 60:00
|
Play-by-Play
1st period
0:01 of 1st period - Emil Pettersson wins face-off versus Dominik Kahun in neutral zone.
1:22 of 1st period - Samuel Groulx is hit by Roberts Lipsbergs and loses puck.
2:08 of 1st period - Slapshot by Patrick Brown.
2:08 of 1st period - Deflect By Andrei Svechnikov.
2:08 of 1st period - Goal by Andrei Svechnikov - Thunderbirds : 1 - Barracuda : 0.
2:09 of 1st period - Emil Pettersson wins face-off versus Dominik Kahun in neutral zone.
2:12 of 1st period - Backhand shot by William Carrier.
2:12 of 1st period - Shot Misses the Net.
2:16 of 1st period - Wrist shot by William Carrier.
2:16 of 1st period - Stopped by Brandon Halverson without a rebound.
2:17 of 1st period - Dominik Kahun wins face-off versus Emil Pettersson in Thunderbirds zone.
2:52 of 1st period - Slapshot by Eric Gustafsson.
2:52 of 1st period - Stopped by Brandon Halverson with a rebound.
2:54 of 1st period - Wrist shot by William Carrier.
2:54 of 1st period - Shot Misses the Net.
2:56 of 1st period - Slapshot by Mario Lucia.
2:56 of 1st period - Stopped by Brandon Halverson with a rebound.
2:58 of 1st period - Slapshot by Logan Stanley.
2:58 of 1st period - Stopped by Brandon Halverson with a rebound.
3:00 of 1st period - Wrist shot by Emil Pettersson.
3:00 of 1st period - Stopped by Brandon Halverson without a rebound.
3:01 of 1st period - Theodor Blueger wins face-off versus Tanner Laczynski in Thunderbirds zone.
3:28 of 1st period - Samuel Groulx is hit by Patrick Brown and loses puck.
4:07 of 1st period - Kurtis Macdermid is hit by Matt Puempel.
4:13 of 1st period - Snap shot by Matt Puempel.
4:13 of 1st period - Stopped by Joni Ortio without a rebound.
4:14 of 1st period - Dylan Gambrell wins face-off versus Emil Pettersson in Barracuda zone.
4:39 of 1st period - Radim Simek is hit by Eric Gustafsson and loses puck.
5:00 of 1st period - Tanner Laczynski is hit by Nikolai Kovalenko and loses puck.
5:05 of 1st period - Snap shot by Alex Henriksson.
5:05 of 1st period - Deflect By Aleksi Heponiemi.
5:05 of 1st period - Stopped by Brandon Halverson without a rebound.
5:06 of 1st period - Dylan Gambrell wins face-off versus Theodor Blueger in Thunderbirds zone.
5:06 of 1st period - Dylan Gambrell is hit by Kurtis Macdermid.
5:11 of 1st period - Off-side.
5:12 of 1st period - Dylan Gambrell wins face-off versus Theodor Blueger in neutral zone.
5:21 of 1st period - Backhand shot by Dylan Gambrell.
5:21 of 1st period - Shot Misses the Net.
5:23 of 1st period - Snap shot by Patrick Brown.
5:23 of 1st period - Goal by Patrick Brown - Thunderbirds : 2 - Barracuda : 0.
5:24 of 1st period - Emil Pettersson wins face-off versus Dominik Kahun in neutral zone.
5:26 of 1st period - Minor Penalty to Mario Lucia for Holding.
5:27 of 1st period - Anthony Beauvillier wins face-off versus William Carrier in Barracuda zone.
5:43 of 1st period - Slapshot by Eric Gustafsson.
5:43 of 1st period - Stopped by Brandon Halverson with a rebound.
5:56 of 1st period - Icing by Patrick Brown.
5:57 of 1st period - Emil Pettersson wins face-off versus Dylan Gambrell in Thunderbirds zone.
6:43 of 1st period - William Carrier is hit by Jared McIsaac and loses puck.
7:00 of 1st period - Snap shot by Cole Ully.
7:00 of 1st period - Shot Misses the Net.
7:02 of 1st period - Backhand shot by Robin Norell.
7:02 of 1st period - Stopped by Brandon Halverson with a rebound.
7:26 of 1st period - Penalty to Mario Lucia is over, Mario Lucia is back on ice.
7:34 of 1st period - Wrist shot by Austin Poganski.
7:34 of 1st period - Stopped by Joni Ortio without a rebound.
7:35 of 1st period - Roberts Lipsbergs wins face-off versus Noah Gregor in Barracuda zone.
7:42 of 1st period - Slapshot by Morgan Frost.
7:42 of 1st period - Stopped by Joni Ortio with a rebound.
8:00 of 1st period - Austin Poganski is hit by Nikolai Kovalenko and loses puck.
8:15 of 1st period - Snap shot by Roberts Lipsbergs.
8:15 of 1st period - Stopped by Joni Ortio without a rebound.
8:16 of 1st period - Dominik Kahun wins face-off versus Emil Pettersson in Barracuda zone.
8:44 of 1st period - Wrist shot by Theodor Blueger.
8:44 of 1st period - Shot Misses the Net.
9:04 of 1st period - Tanner Laczynski is hit by Samuel Groulx and loses puck.
9:29 of 1st period - Wrist shot by Noah Gregor.
9:29 of 1st period - Shot Misses the Net.
9:57 of 1st period - Snap shot by Emil Pettersson.
9:57 of 1st period - Stopped by Brandon Halverson with a rebound.
10:53 of 1st period - Snap shot by Drake Batherson.
10:53 of 1st period - Shot Blocked by Mac Hollowell.
10:55 of 1st period - Snap shot by Drake Batherson.
10:55 of 1st period - Stopped by Joni Ortio with a rebound.
10:57 of 1st period - Slapshot by John Draeger.
10:57 of 1st period - Shot Blocked by Jordan Gross.
10:59 of 1st period - Snap shot by Drake Batherson.
10:59 of 1st period - Shot Misses the Net.
11:38 of 1st period - Patrick Brown is hit by Logan Stanley and loses puck.
11:43 of 1st period - Snap shot by Kurtis Macdermid.
11:43 of 1st period - Shot Misses the Net.
12:29 of 1st period - Logan Stanley is hit by Anthony Beauvillier and loses puck.
12:45 of 1st period - Robin Norell is hit by Radim Simek and loses puck.
13:31 of 1st period - Wrist shot by Alex Henriksson.
13:31 of 1st period - Stopped by Brandon Halverson with a rebound.
14:03 of 1st period - Slapshot by Morgan Frost.
14:03 of 1st period - Shot Blocked by Robin Norell.
14:55 of 1st period - Anthony Beauvillier is hit by Alex Henriksson and loses puck.
15:24 of 1st period - Snap shot by Morgan Frost.
15:24 of 1st period - Shot Misses the Net.
15:42 of 1st period - Snap shot by Tanner Laczynski.
15:42 of 1st period - Shot Blocked by Eric Gustafsson.
15:44 of 1st period - Snap shot by Matt Puempel.
15:44 of 1st period - Shot Misses the Net.
16:06 of 1st period - Wrist shot by Emil Pettersson.
16:06 of 1st period - Deflect By William Carrier.
16:06 of 1st period - Stopped by Brandon Halverson with a rebound.
16:22 of 1st period - Backhand shot by Drake Batherson.
16:22 of 1st period - Stopped by Joni Ortio with a rebound.
16:24 of 1st period - Slapshot by Timothy Liljegren.
16:24 of 1st period - Goal by Timothy Liljegren - Thunderbirds : 3 - Barracuda : 0.
16:25 of 1st period - Dominik Kahun wins face-off versus Emil Pettersson in neutral zone.
17:15 of 1st period - Slapshot by Theodor Blueger.
17:15 of 1st period - Stopped by Brandon Halverson with a rebound.
17:23 of 1st period - Samuel Groulx is hit by Timothy Liljegren and loses puck.
18:03 of 1st period - Emil Pettersson is hit by John Draeger and loses puck.
18:40 of 1st period - Logan Stanley is hit by Anthony Beauvillier and loses puck.
18:55 of 1st period - Timothy Liljegren is hit by Eric Gustafsson and loses puck.
19:06 of 1st period - Slapshot by Logan Stanley.
19:06 of 1st period - Shot Blocked by Matt Puempel.
19:18 of 1st period - Wrist shot by William Carrier.
19:18 of 1st period - Stopped by Brandon Halverson with a rebound.
19:20 of 1st period - Wrist shot by Mario Lucia.
19:20 of 1st period - Shot Misses the Net.
19:22 of 1st period - Slapshot by Jordan Gross.
19:22 of 1st period - Shot Misses the Net.
19:24 of 1st period - Snap shot by William Carrier.
19:24 of 1st period - Stopped by Brandon Halverson without a rebound.
19:25 of 1st period - Theodor Blueger wins face-off versus Dominik Kahun in Thunderbirds zone.
19:50 of 1st period - Radim Simek is hit by Mario Lucia and loses puck.
Goals for this period are 3 for Thunderbirds vs 0 for Barracuda.
Shots for this period are 9 for Thunderbirds vs 14 for Barracuda.
2nd period
0:01 of 2nd period - Dominik Kahun wins face-off versus Emil Pettersson in neutral zone.
0:08 of 2nd period - Wrist shot by William Carrier.
0:08 of 2nd period - Stopped by Brandon Halverson without a rebound.
0:09 of 2nd period - Dominik Kahun wins face-off versus Emil Pettersson in Thunderbirds zone.
0:13 of 2nd period - Icing by Radim Simek.
0:14 of 2nd period - Dominik Kahun wins face-off versus Emil Pettersson in Thunderbirds zone.
0:14 of 2nd period - Dominik Kahun is hit by Eric Gustafsson.
0:45 of 2nd period - Kurtis Macdermid is hit by Dominik Kahun and loses puck.
0:50 of 2nd period - Wrist shot by Dominik Kahun.
0:50 of 2nd period - Stopped by Joni Ortio without a rebound.
0:51 of 2nd period - Emil Pettersson wins face-off versus Dylan Gambrell in Barracuda zone.
1:18 of 2nd period - Mac Hollowell is hit by Kirill Marchenko and loses puck.
2:06 of 2nd period - Wrist shot by Drake Batherson.
2:06 of 2nd period - Stopped by Joni Ortio with a rebound.
2:18 of 2nd period - Eric Gustafsson is hit by Dylan Gambrell and loses puck.
2:27 of 2nd period - Snap shot by Andrei Svechnikov.
2:27 of 2nd period - Stopped by Joni Ortio without a rebound.
2:28 of 2nd period - Theodor Blueger wins face-off versus Dylan Gambrell in Barracuda zone.
2:44 of 2nd period - Snap shot by Andrei Svechnikov.
2:44 of 2nd period - Goal by Andrei Svechnikov - Thunderbirds : 4 - Barracuda : 0.
2:44 of 2nd period - Joacim Eriksson enters game.
2:45 of 2nd period - Emil Pettersson wins face-off versus Anthony Beauvillier in neutral zone.
3:12 of 2nd period - Theodor Blueger is hit by Patrick Brown.
3:51 of 2nd period - Slapshot by Kurtis Macdermid.
3:51 of 2nd period - Shot Misses the Net.
4:09 of 2nd period - Snap shot by Roberts Lipsbergs.
4:09 of 2nd period - Deflect By Eric Gustafsson.
4:09 of 2nd period - Shot Blocked by Logan Stanley.
4:09 of 2nd period - Puck is out of play.
4:10 of 2nd period - Anthony Beauvillier wins face-off versus Emil Pettersson in Barracuda zone.
4:37 of 2nd period - Andrei Svechnikov is hit by Logan Stanley and loses puck.
5:00 of 2nd period - Kale Clague is hit by Alex Henriksson and loses puck.
5:17 of 2nd period - Slapshot by Patrick Brown.
5:17 of 2nd period - Stopped by Joacim Eriksson with a rebound.
5:19 of 2nd period - Wrist shot by Patrick Brown.
5:19 of 2nd period - Stopped by Joacim Eriksson with a rebound.
5:29 of 2nd period - Slapshot by Andrei Svechnikov.
5:29 of 2nd period - Stopped by Joacim Eriksson with a rebound.
5:31 of 2nd period - Snap shot by John Draeger.
5:31 of 2nd period - Deflect By Andrei Svechnikov.
5:31 of 2nd period - Shot Misses the Net.
5:31 of 2nd period - Puck is out of play.
5:32 of 2nd period - Dominik Kahun wins face-off versus Emil Pettersson in Barracuda zone.
5:33 of 2nd period - Snap shot by Drake Batherson.
5:33 of 2nd period - Stopped by Joacim Eriksson without a rebound.
5:34 of 2nd period - Emil Pettersson wins face-off versus Dominik Kahun in Barracuda zone.
5:47 of 2nd period - Slapshot by William Carrier.
5:47 of 2nd period - Shot Blocked by Radim Simek.
7:10 of 2nd period - Snap shot by Alex Henriksson.
7:10 of 2nd period - Shot Blocked by Tanner Laczynski.
8:01 of 2nd period - Slapshot by Tanner Laczynski.
8:01 of 2nd period - Stopped by Joacim Eriksson with a rebound.
8:03 of 2nd period - Snap shot by Matt Puempel.
8:03 of 2nd period - Shot Misses the Net.
8:05 of 2nd period - Snap shot by Kirill Marchenko.
8:05 of 2nd period - Goal by Kirill Marchenko - Thunderbirds : 5 - Barracuda : 0.
8:06 of 2nd period - Dominik Kahun wins face-off versus Emil Pettersson in neutral zone.
8:38 of 2nd period - Snap shot by Andrei Svechnikov.
8:38 of 2nd period - Shot Blocked by Robin Norell.
9:25 of 2nd period - Austin Poganski is hit by William Carrier and loses puck.
10:01 of 2nd period - Wrist shot by Patrick Brown.
10:01 of 2nd period - Stopped by Joacim Eriksson with a rebound.
10:03 of 2nd period - Slapshot by Radim Simek.
10:03 of 2nd period - Deflect By Andrei Svechnikov.
10:03 of 2nd period - Shot Blocked by Mac Hollowell.
10:03 of 2nd period - Puck is out of play.
10:04 of 2nd period - Dylan Gambrell wins face-off versus Noah Gregor in Barracuda zone.
10:46 of 2nd period - Snap shot by Patrick Brown.
10:46 of 2nd period - Shot Blocked by Thomas Gobeil.
11:25 of 2nd period - Wrist shot by Andrei Svechnikov.
11:25 of 2nd period - Shot Misses the Net.
11:39 of 2nd period - Snap shot by Alex Henriksson.
11:39 of 2nd period - Stopped by Brandon Halverson with a rebound.
12:17 of 2nd period - Snap shot by Drake Batherson.
12:17 of 2nd period - Shot Blocked by Samuel Groulx.
12:27 of 2nd period - William Carrier is hit by Kale Clague and loses puck.
12:52 of 2nd period - Jared McIsaac is hit by Theodor Blueger and loses puck.
13:09 of 2nd period - Drake Batherson is hit by Noah Gregor and loses puck.
13:28 of 2nd period - Wrist shot by Austin Poganski.
13:28 of 2nd period - Shot Misses the Net.
13:30 of 2nd period - Wrist shot by Kale Clague.
13:30 of 2nd period - Deflect By Morgan Frost.
13:30 of 2nd period - Goal by Morgan Frost - Thunderbirds : 6 - Barracuda : 0.
13:31 of 2nd period - Emil Pettersson wins face-off versus Dominik Kahun in neutral zone.
13:34 of 2nd period - Drake Batherson is hit by Mario Lucia and loses puck.
13:43 of 2nd period - Slapshot by Eric Gustafsson.
13:43 of 2nd period - Stopped by Brandon Halverson without a rebound.
13:44 of 2nd period - Dominik Kahun wins face-off versus Emil Pettersson in Thunderbirds zone.
13:49 of 2nd period - Mario Lucia is hit by Dominik Kahun.
13:59 of 2nd period - Slapshot by Kale Clague.
13:59 of 2nd period - Stopped by Joacim Eriksson with a rebound.
15:28 of 2nd period - Snap shot by Theodor Blueger.
15:28 of 2nd period - Shot Misses the Net.
15:30 of 2nd period - Wrist shot by Kurtis Macdermid.
15:30 of 2nd period - Shot Hit the Post.
15:32 of 2nd period - Slapshot by Logan Stanley.
15:32 of 2nd period - Shot Misses the Net.
15:34 of 2nd period - Snap shot by Kurtis Macdermid.
15:34 of 2nd period - Shot Misses the Net.
15:36 of 2nd period - Slapshot by Eric Gustafsson.
15:36 of 2nd period - Shot Blocked by Radim Simek.
15:56 of 2nd period - Backhand shot by Patrick Brown.
15:56 of 2nd period - Goal by Patrick Brown - Thunderbirds : 7 - Barracuda : 0.
15:57 of 2nd period - Emil Pettersson wins face-off versus Dominik Kahun in neutral zone.
15:59 of 2nd period - Off-side.
16:00 of 2nd period - Dominik Kahun wins face-off versus Emil Pettersson in neutral zone.
16:29 of 2nd period - Radim Simek is hit by Thomas Gobeil and loses puck.
17:57 of 2nd period - Snap shot by Theodor Blueger.
17:57 of 2nd period - Stopped by Brandon Halverson with a rebound.
18:38 of 2nd period - Snap shot by Tanner Laczynski.
18:38 of 2nd period - Shot Misses the Net.
18:52 of 2nd period - Snap shot by William Carrier.
18:52 of 2nd period - Stopped by Brandon Halverson without a rebound.
18:53 of 2nd period - Emil Pettersson wins face-off versus Dylan Gambrell in Thunderbirds zone.
19:07 of 2nd period - Icing by Andrei Svechnikov.
19:08 of 2nd period - Dylan Gambrell wins face-off versus Theodor Blueger in Thunderbirds zone.
19:15 of 2nd period - Kale Clague beats up Kurtis Macdermid.
19:15 of 2nd period - Penalty to Kurtis Macdermid for Fighting.
19:15 of 2nd period - Penalty to Kale Clague for Fighting.
19:16 of 2nd period - Dominik Kahun wins face-off versus Emil Pettersson in Barracuda zone.
Goals for this period are 4 for Thunderbirds vs 0 for Barracuda.
Shots for this period are 14 for Thunderbirds vs 5 for Barracuda.
3rd period
0:01 of 3rd period - Dominik Kahun wins face-off versus Emil Pettersson in neutral zone.
0:06 of 3rd period - Snap shot by Dominik Kahun.
0:06 of 3rd period - Deflect By Drake Batherson.
0:06 of 3rd period - Stopped by Joacim Eriksson without a rebound.
0:07 of 3rd period - Emil Pettersson wins face-off versus Dominik Kahun in Barracuda zone.
0:07 of 3rd period - Emil Pettersson is hit by Drake Batherson.
0:51 of 3rd period - Slapshot by Radim Simek.
0:51 of 3rd period - Shot Misses the Net.
0:53 of 3rd period - Snap shot by Radim Simek.
0:53 of 3rd period - Shot Misses the Net.
0:55 of 3rd period - Slapshot by Anthony Beauvillier.
0:55 of 3rd period - Shot Misses the Net.
0:57 of 3rd period - Snap shot by Dominik Kahun.
0:57 of 3rd period - Shot Misses the Net.
0:59 of 3rd period - Wrist shot by Drake Batherson.
0:59 of 3rd period - Shot Blocked by Logan Stanley.
1:13 of 3rd period - Snap shot by Drake Batherson.
1:13 of 3rd period - Shot Blocked by Eric Gustafsson.
1:15 of 3rd period - Snap shot by Dominik Kahun.
1:15 of 3rd period - Stopped by Joacim Eriksson with a rebound.
1:17 of 3rd period - Snap shot by Anthony Beauvillier.
1:17 of 3rd period - Goal by Anthony Beauvillier - Thunderbirds : 8 - Barracuda : 0.
1:17 of 3rd period - Joni Ortio enters game.
1:18 of 3rd period - Emil Pettersson wins face-off versus Dylan Gambrell in neutral zone.
1:23 of 3rd period - Slapshot by Samuel Groulx.
1:23 of 3rd period - Shot Misses the Net.
1:25 of 3rd period - Slapshot by Samuel Groulx.
1:25 of 3rd period - Stopped by Brandon Halverson without a rebound.
1:26 of 3rd period - Emil Pettersson wins face-off versus Dylan Gambrell in Thunderbirds zone.
1:29 of 3rd period - Wrist shot by Emil Pettersson.
1:29 of 3rd period - Deflect By Mario Lucia.
1:29 of 3rd period - Shot Misses the Net.
1:29 of 3rd period - Puck is out of play.
1:30 of 3rd period - Dylan Gambrell wins face-off versus Emil Pettersson in Thunderbirds zone.
1:43 of 3rd period - Slapshot by William Carrier.
1:43 of 3rd period - Stopped by Brandon Halverson without a rebound.
1:44 of 3rd period - Emil Pettersson wins face-off versus Dominik Kahun in Thunderbirds zone.
1:55 of 3rd period - Snap shot by William Carrier.
1:55 of 3rd period - Stopped by Brandon Halverson with a rebound.
1:57 of 3rd period - Slapshot by Emil Pettersson.
1:57 of 3rd period - Goal by Emil Pettersson - Thunderbirds : 8 - Barracuda : 1.
1:58 of 3rd period - Dominik Kahun wins face-off versus Emil Pettersson in neutral zone.
2:22 of 3rd period - Icing by Eric Gustafsson.
2:23 of 3rd period - Emil Pettersson wins face-off versus Tanner Laczynski in Barracuda zone.
2:48 of 3rd period - Cole Ully is hit by John Draeger and loses puck.
2:55 of 3rd period - Slapshot by Dominik Kahun.
2:55 of 3rd period - Shot Misses the Net.
2:57 of 3rd period - Slapshot by Anthony Beauvillier.
2:57 of 3rd period - Stopped by Joni Ortio with a rebound.
3:05 of 3rd period - Minor Penalty to Jaedon Descheneau for Interference.
3:06 of 3rd period - Dominik Kahun wins face-off versus William Carrier in Barracuda zone.
4:15 of 3rd period - Penalty to Kurtis Macdermid is over, Kurtis Macdermid is back on ice.
5:05 of 3rd period - Penalty to Jaedon Descheneau is over, Jaedon Descheneau is back on ice.
6:06 of 3rd period - Austin Poganski is hit by Mario Lucia.
6:29 of 3rd period - Noah Gregor is hit by Timothy Liljegren and loses puck.
7:14 of 3rd period - John Draeger is hit by Cole Ully and loses puck.
7:23 of 3rd period - Noah Gregor is hit by Patrick Brown and loses puck.
7:36 of 3rd period - Wrist shot by Dylan Gambrell.
7:36 of 3rd period - Shot Blocked by Eric Gustafsson.
7:38 of 3rd period - Snap shot by Patrick Brown.
7:38 of 3rd period - Stopped by Joni Ortio without a rebound.
7:39 of 3rd period - Emil Pettersson wins face-off versus Dominik Kahun in Barracuda zone.
7:49 of 3rd period - Off-side.
7:50 of 3rd period - Dominik Kahun wins face-off versus Emil Pettersson in neutral zone.
8:05 of 3rd period - Backhand shot by Drake Batherson.
8:05 of 3rd period - Stopped by Joni Ortio without a rebound.
8:06 of 3rd period - Theodor Blueger wins face-off versus Kirill Marchenko in Barracuda zone.
8:06 of 3rd period - Theodor Blueger is hit by Radim Simek.
8:12 of 3rd period - Timothy Liljegren is hit by Thomas Gobeil and loses puck.
8:35 of 3rd period - Off-side.
8:36 of 3rd period - Dominik Kahun wins face-off versus Emil Pettersson in neutral zone.
8:41 of 3rd period - Slapshot by Jared McIsaac.
8:41 of 3rd period - Shot Blocked by Robin Norell.
8:43 of 3rd period - Minor Penalty to Mario Lucia for Hooking.
8:44 of 3rd period - Dominik Kahun wins face-off versus William Carrier in Barracuda zone.
8:45 of 3rd period - Wrist shot by Drake Batherson.
8:45 of 3rd period - Shot Blocked by William Carrier.
8:47 of 3rd period - Slapshot by Radim Simek.
8:47 of 3rd period - Shot Misses the Net.
8:49 of 3rd period - Snap shot by Drake Batherson.
8:49 of 3rd period - Shot Misses the Net.
8:51 of 3rd period - Slapshot by Radim Simek.
8:51 of 3rd period - Stopped by Joni Ortio without a rebound.
8:52 of 3rd period - Dominik Kahun wins face-off versus William Carrier in Barracuda zone.
8:53 of 3rd period - Wrist shot by Drake Batherson.
8:53 of 3rd period - Shot Misses the Net.
8:55 of 3rd period - Slapshot by Radim Simek.
8:55 of 3rd period - Stopped by Joni Ortio with a rebound.
9:11 of 3rd period - Wrist shot by Drake Batherson.
9:11 of 3rd period - Shot Misses the Net.
9:13 of 3rd period - Wrist shot by Dominik Kahun.
9:13 of 3rd period - Stopped by Joni Ortio with a rebound.
9:15 of 3rd period - Wrist shot by Anthony Beauvillier.
9:15 of 3rd period - Goal by Anthony Beauvillier - Thunderbirds : 9 - Barracuda : 1.
9:16 of 3rd period - Mario Lucia wins face-off versus Dominik Kahun in neutral zone.
9:26 of 3rd period - Mario Lucia is hit by Dominik Kahun and loses puck.
9:57 of 3rd period - Slapshot by Eric Gustafsson.
9:57 of 3rd period - Deflect By Emil Pettersson.
9:57 of 3rd period - Stopped by Brandon Halverson with a rebound.
10:04 of 3rd period - Logan Stanley is hit by Andrei Svechnikov and loses puck.
10:15 of 3rd period - Backhand shot by William Carrier.
10:15 of 3rd period - Shot Blocked by Andrei Svechnikov.
10:19 of 3rd period - Slapshot by Eric Gustafsson.
10:19 of 3rd period - Shot Misses the Net.
10:41 of 3rd period - Wrist shot by William Carrier.
10:41 of 3rd period - Stopped by Brandon Halverson with a rebound.
10:47 of 3rd period - Wrist shot by Emil Pettersson.
10:47 of 3rd period - Shot Misses the Net.
10:49 of 3rd period - Snap shot by Emil Pettersson.
10:49 of 3rd period - Shot Misses the Net.
10:51 of 3rd period - Slapshot by Logan Stanley.
10:51 of 3rd period - Goal by Logan Stanley - Thunderbirds : 9 - Barracuda : 2.
10:52 of 3rd period - Theodor Blueger wins face-off versus Dominik Kahun in neutral zone.
10:57 of 3rd period - Snap shot by Theodor Blueger.
10:57 of 3rd period - Stopped by Brandon Halverson with a rebound.
10:59 of 3rd period - Slapshot by Samuel Groulx.
10:59 of 3rd period - Deflect By Theodor Blueger.
10:59 of 3rd period - Shot Misses the Net.
10:59 of 3rd period - Puck is out of play.
11:00 of 3rd period - Theodor Blueger wins face-off versus Dominik Kahun in Thunderbirds zone.
11:01 of 3rd period - Wrist shot by Kurtis Macdermid.
11:01 of 3rd period - Shot Blocked by Timothy Liljegren.
11:03 of 3rd period - Slapshot by Robin Norell.
11:03 of 3rd period - Shot Misses the Net.
11:05 of 3rd period - Slapshot by Robin Norell.
11:05 of 3rd period - Stopped by Brandon Halverson with a rebound.
11:07 of 3rd period - Wrist shot by Kurtis Macdermid.
11:07 of 3rd period - Shot Misses the Net.
11:09 of 3rd period - Snap shot by Thomas Gobeil.
11:09 of 3rd period - Shot Misses the Net.
11:11 of 3rd period - Snap shot by Theodor Blueger.
11:11 of 3rd period - Stopped by Brandon Halverson with a rebound.
11:13 of 3rd period - Wrist shot by Kurtis Macdermid.
11:13 of 3rd period - Goal by Kurtis Macdermid - Thunderbirds : 9 - Barracuda : 3.
11:14 of 3rd period - Kurtis Macdermid wins face-off versus Dominik Kahun in neutral zone.
11:17 of 3rd period - Slapshot by Logan Stanley.
11:17 of 3rd period - Shot Blocked by Drake Batherson.
11:19 of 3rd period - Wrist shot by Kurtis Macdermid.
11:19 of 3rd period - Stopped by Brandon Halverson with a rebound.
11:21 of 3rd period - Snap shot by Thomas Gobeil.
11:21 of 3rd period - Stopped by Brandon Halverson with a rebound.
11:25 of 3rd period - Snap shot by Theodor Blueger.
11:25 of 3rd period - Shot Blocked by Radim Simek.
11:27 of 3rd period - Slapshot by Kurtis Macdermid.
11:27 of 3rd period - Stopped by Brandon Halverson without a rebound.
11:28 of 3rd period - Dominik Kahun wins face-off versus Emil Pettersson in Thunderbirds zone.
12:19 of 3rd period - Kirill Marchenko is hit by Jaedon Descheneau and loses puck.
12:33 of 3rd period - Timothy Liljegren is hit by Mac Hollowell and loses puck.
13:33 of 3rd period - Minor Penalty to Kurtis Macdermid for Elbowing.
13:34 of 3rd period - Dominik Kahun wins face-off versus William Carrier in Barracuda zone.
15:33 of 3rd period - Penalty to Kurtis Macdermid is over, Kurtis Macdermid is back on ice.
17:01 of 3rd period - Austin Poganski is hit by Robin Norell and loses puck.
17:09 of 3rd period - Icing by Kale Clague.
17:10 of 3rd period - Noah Gregor wins face-off versus Morgan Frost in Thunderbirds zone.
17:23 of 3rd period - Wrist shot by Patrick Brown.
17:23 of 3rd period - Shot Misses the Net.
17:25 of 3rd period - Snap shot by Dylan Gambrell.
17:25 of 3rd period - Stopped by Joni Ortio with a rebound.
17:33 of 3rd period - Snap shot by Andrei Svechnikov.
17:33 of 3rd period - Shot Blocked by Eric Gustafsson.
18:28 of 3rd period - Slapshot by Tanner Laczynski.
18:28 of 3rd period - Shot Misses the Net.
18:54 of 3rd period - Slapshot by Emil Pettersson.
18:54 of 3rd period - Shot Blocked by Timothy Liljegren.
19:16 of 3rd period - Snap shot by Patrick Brown.
19:16 of 3rd period - Shot Misses the Net.
19:18 of 3rd period - Slapshot by Radim Simek.
19:18 of 3rd period - Shot Blocked by Jordan Gross.
19:20 of 3rd period - Slapshot by Radim Simek.
19:20 of 3rd period - Stopped by Joni Ortio with a rebound.
19:46 of 3rd period - Icing by Noah Gregor.
19:47 of 3rd period - Noah Gregor wins face-off versus Tanner Laczynski in Barracuda zone.
Goals for this period are 2 for Thunderbirds vs 3 for Barracuda.
Shots for this period are 12 for Thunderbirds vs 14 for Barracuda.